 Dungeon Crawl Stone Soup version 0.26.0-16-gc1dbca0489 (webtiles) character file.

Game seed: 6558632257080679652

359 shakesphere1979 the Shield-Bearer (level 6, -13/57 HPs)
             Began as a Deep Dwarf Fighter on Jan 18, 2021.
             Mangled by Menkaure (16 damage)
             ... on level 5 of the Dungeon.
             The game lasted 00:07:40 (2892 turns).

shakesphere1979 the Shield-Bearer (DDFi)            Turns: 2892, Time: 00:07:41

Health: -13/57     AC:  7    Str: 21    XL:     6   Next: 37%
Magic:  3/3        EV:  8    Int:  9    God:
Gold:   174        SH: 10    Dex: 12    Spells: 5/5 levels left

rFire    . . .     SeeInvis .   a - +0 war axe
rCold    . . .     Faith    .   c - +0 kite shield
rNeg     . . .     Spirit   .   b - +0 scale mail
rPois    .         Reflect  .   (no helmet)
rElec    .         Harm     .   (no cloak)
rCorr    .         Rampage  .   (no gloves)
Will     .....                  (no boots)
Stlth    ..........             (no amulet)
HPRegen  0.00/turn              (no ring)
MPRegen  0.08/turn              (no ring)

@: non-regenerating
A: damage resistance, heal wounds, sense surroundings 1, no regeneration
a: Heal Wounds


You were on level 5 of the Dungeon.
You visited 1 branch of the dungeon, and saw 5 of its levels.

You collected 174 gold pieces.

Inventory:

Hand Weapons
 a - a +0 war axe (weapon)
 p - a +0 spear of freezing
Missiles
 j - 166 stones
 m - 51 arrows
 q - 90 sling bullets
Armour
 b - a +0 scale mail (worn)
 c - a +0 kite shield (worn)
Jewellery
 n - a +6 ring of dexterity {unknown}
 s - a +6 ring of dexterity {unknown}
 v - a +6 ring of dexterity {unknown}
Scrolls
 f - 3 scrolls of remove curse
 i - a scroll of fog
 k - 3 scrolls of teleportation
Potions
 d - a potion of might
 g - a potion of attraction {unknown}
 h - 3 potions of curing
 l - 2 potions of brilliance {unknown}
 o - a potion of degeneration {unknown}
 r - a potion of invisibility {unknown}
 t - a potion of flight {unknown}
 u - a potion of resistance
 w - a potion of heal wounds


   Skills:
 + Level 4.1 Fighting
 - Level 2.1 Axes
 + Level 5.3 Armour
 - Level 0.5 Dodging
 - Level 0.1 Stealth
 + Level 5.4 Shields


You had 5 spell levels left.
You didn't know any spells.
Your spell library was empty.

Dungeon Overview and Level Annotations

Branches:
Dungeon (5/15)
 Temple: D:4-7

Altars:
Nemelex Xobeh
Ru

Annotations:
D:5 Menkaure


Innate Abilities, Weirdness & Mutations

You are resistant to damage.
You can heal yourself by infusing magical energy.
You passively map a small area around you.
You do not regenerate.


Message History

The kobold shouts!
Menkaure calls on the powers of darkness!
Your body is wracked with pain!
The kobold shouts!
A quokka comes into view.
You block Menkaure's attack.
You hit Menkaure.
Menkaure is lightly damaged.
You slash the quokka!
You kill the quokka!
Menkaure points at you and mumbles some strange words.
You resist with significant effort.
You slash Menkaure!
Menkaure is moderately damaged.
You block Menkaure's attack. Menkaure hits you!!
* * * LOW HITPOINT WARNING * * *
You slash Menkaure!
Menkaure is severely damaged.
Menkaure hits you!
You die...

, #.##.#....# ,* *
..#.........##
............≈# , *
...........#≈## *
,.......$...≈≈≈# ,##
##..............≈≈≈##K.#
#...............≈≈≈≈#KK#
#...........†...≈≈≈#* ,*
#####........#..@.##≈≈≈#
**
#...#......#.##.M##..≈≈#,
..........##.##..#..##≈#
*,
..........##.##....###≈#
...M......##.......#####
*
..............#.##..#<#,
* *
.........<.#.........## ,
≈ #...#................#
, ≈ ###
##..######..#....#,, ≈


You could see Menkaure.

Vanquished Creatures
  A howler monkey (D:4)
  2 orc priests (D:4)
  An orc wizard (D:4)
  3 worker ants (D:4)
  A hound skeleton (D:4)
  7 adders
  An ooze (D:4)
  3 worms
  4 leopard geckos
  An orc (D:3)
  2 ball pythons
  3 bats
  4 giant cockroaches
  9 goblins
  8 hobgoblins
  2 jackals (D:1)
  4 kobolds
  6 quokkas
  4 frilled lizards
  A leopard gecko zombie (D:5)
  A quokka skeleton (D:3)
  8 rats
76 creatures vanquished.

Notes
Turn   | Place    | Note
-------+----------+-------------------------------------------
     0 | D:1      | shakesphere1979 the Deep Dwarf Fighter began the quest for
                  | the Orb.
     0 | D:1      | Reached XP level 1. HP: 20/20 MP: 1/1
   153 | D:1      | Reached XP level 2. HP: 22/27 MP: 2/2
   728 | D:2      | Reached XP level 3. HP: 13/33 MP: 3/3
   944 | D:2      | Found a sacrificial altar of Ru.
  1471 | D:3      | Reached XP level 4. HP: 28/42 MP: 4/4
  1510 | D:3      | Found a sparkling altar of Nemelex Xobeh.
  2224 | D:4      | Reached XP level 5. HP: 34/49 MP: 4/4
  2410 | D:4      | Reached skill level 5 in Shields
  2413 | D:4      | Reached skill level 5 in Armour
  2608 | D:4      | Reached XP level 6. HP: 35/57 MP: 5/5
  2793 | D:5      | Entered Level 5 of the Dungeon
  2812 | D:5      | Noticed Menkaure
  2892 | D:5      | Mangled by Menkaure

Illustrated notes

Levels and vault maps discovered:
D:1:      dpeg_arrival_ratfight, layout_loops_ring
D:2:      layout_basic, nicolae_ru_awakened_eye, minmay_cut_off
D:3:      layout_loops_cross, nemelex_xobeh_ov_fountains_minmay
D:4:      layout_rooms, minmay_misc_feat_alley
D:5:      cheibrodos_thug_alley, layout_rooms, minmay_temple_entry_junction,
          minmay_misc_feat_ornament, uniq_menkaure, uniq_eustachio

Skill      XL: |  1  2  3  4  5  6 |
---------------+-------------------+-----
Shields        | 4 5 |  5.4
Armour         | 4 5 |  5.3
Fighting       | 3 4 |  4.1
Axes           | |  2.1
Dodging        | |  0.5
Stealth        | |  0.1

Action                   |  1- 3 |  4- 6 || total
-------------------------+-------+-------++-------
Melee: War axe           |   154 |   154 ||   308
 Abil: Heal Wounds       |     1 |     4 ||     5
  Use: Scroll            |       |     7 ||     7
       Potion            |       |     2 ||     2
Armor: Scale mail        |    71 |    60 ||   131
Dodge: Dodged            |    65 |    49 ||   114
Block: Kite shield       |    86 |    91 ||   177
